 Dungeon Crawl Stone Soup version 0.27.1-34-g3ba077fa99 (webtiles) character file.

Game seed: 2823887145070432699

377 mtoz the Sneak (level 6, 0/51 HPs)
             Began as a Gnoll Wanderer on Jan 4, 2022.
             Slain by an orc warrior (10 damage)
             ... on level 4 of the Dungeon.
             The game lasted 00:16:46 (4190 turns).

mtoz the Sneak (Gnoll Wanderer)                     Turns: 4190, Time: 00:16:47

Health: 0/51       AC: 11    Str: 12    XL:     6   Next: 73%
Magic:  9/9        EV:  9    Int: 10    God:
Gold:   186        SH:  5    Dex: 14    Spells: 9/9 levels left

rFire    + + .     SeeInvis .   t - +0 war axe
rCold    x . .     Faith    .   c - +0 buckler
rNeg     . . .     Spirit   .   p - +0 fire dragon scales
rPois    .         Reflect  .   (no helmet)
rElec    .         Harm     .   (no cloak)
rCorr    .         Rampage  .   h - +0 pair of gloves
Will     .....                  (no boots)
Stlth    ++........             (no amulet)
HPRegen  0.17/turn              (no ring)
MPRegen  0.11/turn              (no ring)

@: no status effects
A: fangs 1, strong nose, distributed training
a: no special abilities


You were on level 4 of the Dungeon.
You visited 1 branch of the dungeon, and saw 4 of its levels.

You collected 186 gold pieces.

Inventory:

Hand Weapons
 a - a +0 dagger
 d - a +0 halberd
 g - a +0 scimitar
 k - a +0 short sword
 m - a +0 flail
 s - a +0 trident
 t - a +0 war axe (weapon)
Missiles
 n - 15 bolts
Armour
 c - a +0 buckler (worn)
 h - a +0 pair of gloves (worn)
 p - +0 fire dragon scales (worn)
Jewellery
 o - an amulet of faith
Scrolls
 b - a scroll of teleportation
 f - a scroll of amnesia
 i - a scroll of vulnerability
 j - 2 scrolls of enchant armour {unknown}
 r - a scroll of enchant weapon {unknown}
Potions
 e - a potion of haste {unknown}
 l - a potion of heal wounds {unknown}
 q - a potion of flight {unknown}


   Skills:
 + Level 5.0 Fighting
 + Level 2.1 Short Blades
 + Level 2.1 Long Blades
 + Level 2.1 Axes
 + Level 3.3 Maces & Flails
 + Level 2.1 Polearms
 + Level 2.1 Staves
 + Level 2.1 Slings
 + Level 2.1 Bows
 + Level 2.1 Crossbows
 + Level 2.1 Throwing
 + Level 5.0 Armour
 + Level 2.1 Dodging
 + Level 6.3 Stealth
 + Level 5.0 Shields
 + Level 2.1 Unarmed Combat
 + Level 2.1 Spellcasting
 + Level 1.6 Conjurations
 + Level 1.6 Hexes
 + Level 1.6 Summonings
 + Level 1.6 Necromancy
 + Level 1.6 Translocations
 + Level 1.6 Transmutations
 + Level 1.6 Fire Magic
 + Level 1.6 Ice Magic
 + Level 1.6 Air Magic
 + Level 1.6 Earth Magic
 + Level 1.6 Poison Magic
 + Level 2.3 Invocations
 + Level 2.1 Evocations


You had 9 spell levels left.
You didn't know any spells.
Your spell library was empty.

Dungeon Overview and Level Annotations

Branches:
Dungeon (4/15)
 Temple: D:4-7

Altars:
Nemelex Xobeh


Innate Abilities, Weirdness & Mutations

You have very sharp teeth.
Your uncanny sense of smell can sniff out nearby items.
Your experience applies equally to all skills.


Message History

An orc priest comes into view. It is wielding a +0 falchion.
You block the orc warrior's attack.
You barely miss the orc warrior.
The orc priest shouts!
The orc warrior barely misses you.
You hit the orc warrior.
The orc warrior is moderately wounded.
The orc warrior hits you with a +0 hand axe!
An orc comes into view. It is wielding a +0 flail.
The orc warrior hits you with a +0 hand axe.
You closely miss the orc warrior.
The orc warrior is moderately wounded.
Your fire dragon scales prevents you from hitting the orc warrior.
The orc warrior is moderately wounded.
You closely miss the orc priest.
The orc warrior hits you with a +0 hand axe!
The orc priest hits you but does no damage.
You barely miss the orc priest.
You hit the orc warrior but do no damage.
The orc warrior hits you with a +0 hand axe.
The orc priest barely misses you.
The orc warrior hits you with a +0 hand axe!
* * * LOW HITPOINT WARNING * * *
You block the orc priest's attack.
You closely miss the orc warrior.
The orc warrior is moderately wounded.
You hit the orc priest but do no damage.
The orc warrior hits you but does no damage.
The orc priest closely misses you.
The orc shouts!
You hit the orc warrior.
The orc warrior is moderately wounded.
You closely miss the orc priest. The orc warrior closely misses you.
The orc priest hits you with a +0 falchion.
* * * LOW HITPOINT WARNING * * *
You closely miss the orc warrior. Your bite misses the orc warrior.
The orc warrior is moderately wounded.
You hit the orc priest.
The orc warrior hits you with a +0 hand axe!
You die...

#.#.#.############...#
#.#.#.## #...#
#.#....# #...#
#.#.#..# #...#
#.#.#..###### ##..#
#...#..#....+ ##†#
#####......# #.#
#......### #.#
#.#@o...# #..
#.#o##### ##. # .o. #.
..... ∆ .. #...... ∆∆
##. #.####.# ∆ ## #.
.# ## #


You could see an orc warrior, an orc priest and an orc.

Vanquished Creatures
  Purgy (D:3)
  A water moccasin skeleton (D:2)
  A vampire bat (D:3)
  An orc priest (D:2)
  Natasha (twice) (D:3)
  3 gnolls
  An adder (D:2)
  2 dart slugs (D:1)
  8 orcs
  12 bats
  3 endoplasms (D:2)
  3 giant cockroaches
  4 goblins
  3 hobgoblins
  4 jackals (D:1)
  4 quokkas
  6 ball pythons
  2 frilled lizards
  3 kobolds
  9 rats
73 creatures vanquished.

Notes
Turn   | Place    | Note
-------+----------+-------------------------------------------
     0 | D:1      | mtoz the Gnoll Wanderer began the quest for the Orb.
     0 | D:1      | mtoz set off with the following items: a +0 dagger, a
                  | scroll of teleportation, a +0 buckler, a +2 scale mail
     0 | D:1      | Reached XP level 1. HP: 20/20 MP: 1/1
   217 | D:1      | Reached XP level 2. HP: 26/26 MP: 2/2
   804 | D:1      | Reached XP level 3. HP: 26/31 MP: 3/3
  1146 | D:2      | Reached skill level 6 in Stealth
  1205 | D:2      | Reached skill level 1 in Short Blades
  1205 | D:2      | Reached skill level 1 in Long Blades
  1205 | D:2      | Reached skill level 1 in Axes
  1205 | D:2      | Reached skill level 1 in Polearms
  1205 | D:2      | Reached skill level 1 in Staves
  1205 | D:2      | Reached skill level 1 in Slings
  1205 | D:2      | Reached skill level 1 in Bows
  1205 | D:2      | Reached skill level 1 in Crossbows
  1205 | D:2      | Reached skill level 1 in Throwing
  1205 | D:2      | Reached skill level 1 in Dodging
  1205 | D:2      | Reached skill level 1 in Unarmed Combat
  1205 | D:2      | Reached skill level 1 in Spellcasting
  1205 | D:2      | Reached skill level 1 in Invocations
  1205 | D:2      | Reached skill level 1 in Evocations
  1205 | D:2      | Reached XP level 4. HP: 34/38 MP: 5/5
  1294 | D:2      | Reached skill level 1 in Conjurations
  1294 | D:2      | Reached skill level 1 in Hexes
  1294 | D:2      | Reached skill level 1 in Summonings
  1294 | D:2      | Reached skill level 1 in Necromancy
  1294 | D:2      | Reached skill level 1 in Translocations
  1294 | D:2      | Reached skill level 1 in Transmutations
  1294 | D:2      | Reached skill level 1 in Fire Magic
  1294 | D:2      | Reached skill level 1 in Ice Magic
  1294 | D:2      | Reached skill level 1 in Air Magic
  1294 | D:2      | Reached skill level 1 in Earth Magic
  1294 | D:2      | Reached skill level 1 in Poison Magic
  1382 | D:2      | Found a faded altar of an unknown god.
  1639 | D:2      | Reached XP level 5. HP: 12/43 MP: 5/7
  2079 | D:3      | Noticed Natasha
  2089 | D:3      | Killed Natasha
  2959 | D:3      | Reached XP level 6. HP: 41/50 MP: 8/8
  3007 | D:3      | Noticed Natasha
  3015 | D:3      | Killed Natasha
  3098 | D:3      | Found a sparkling altar of Nemelex Xobeh.
  3343 | D:3      | Noticed Purgy
  3381 | D:3      | Killed Purgy
  3382 | D:3      | Reached skill level 5 in Fighting
  3382 | D:3      | Reached skill level 5 in Armour
  3382 | D:3      | Reached skill level 5 in Shields
  4179 | D:4      | Noticed an orc warrior
  4190 | D:4      | Slain by an orc warrior

Illustrated notes

Levels and vault maps discovered:
D:1:      noname_arrival_rooms_in_the_neighbourhood, layout_basic,
          glass_columns_a
D:2:      layout_basic, shapermc_ecumenical_altar_mp_vishouse
D:3:      layout_loops_ring, mainiacjoe_overflow_alcove_4, roderic_batcave,
          uniq_purgy, uniq_natasha
D:4:      layout_basic, kennysheep_generic_room_7, uniq_edmund

Skill      XL: |  1  2  3  4  5  6 |
---------------+-------------------+-----
Stealth        | 6 |  6.3
Short Blades   | 1 2 |  2.1
Long Blades    | 1 2 |  2.1
Axes           | 1 2 |  2.1
Polearms       | 1 2 |  2.1
Staves         | 1 2 |  2.1
Slings         | 1 2 |  2.1
Bows           | 1 2 |  2.1
Crossbows      | 1 2 |  2.1
Throwing       | 1 2 |  2.1
Dodging        | 1 2 |  2.1
Unarmed Combat | 1 2 |  2.1
Spellcasting   | 1 2 |  2.1
Invocations    | 1 2 |  2.3
Evocations     | 1 2 |  2.1
Conjurations   | 1 |  1.6
Hexes          | 1 |  1.6
Summonings     | 1 |  1.6
Necromancy     | 1 |  1.6
Translocations | 1 |  1.6
Transmutations | 1 |  1.6
Fire Magic     | 1 |  1.6
Ice Magic      | 1 |  1.6
Air Magic      | 1 |  1.6
Earth Magic    | 1 |  1.6
Poison Magic   | 1 |  1.6
Maces & Flails | 3 |  3.3
Fighting       | 5 |  5.0
Armour         | 5 |  5.0
Shields        | 5 |  5.0

Action                   |  1- 3 |  4- 6 || total
-------------------------+-------+-------++-------
Melee: Dagger            |   117 |       ||   117
       Bite              |     8 |    19 ||    27
       Scimitar          |    13 |    81 ||    94
       Flail             |       |   129 ||   129
       War axe           |       |    10 ||    10
  Use: Scroll            |       |     2 ||     2
 Stab: Sleeping          |     3 |     2 ||     5
       Distracted        |     1 |       ||     1
Armor: Scale mail        |    68 |     4 ||    72
       Fire dragon scale |       |   164 ||   164
Dodge: Dodged            |    57 |   163 ||   220
Block: Buckler           |    28 |   111 ||   139
       Rpst.: Scimitar   |     2 |     6 ||     8
